 Dungeon Crawl Stone Soup version 0.30-a0-618-gd6c86c23d0 (webtiles) character file.

Game seed: 13167340854181244519

4353 themarg the Martial Artist (level 10, 0/91 HPs)
             Began as a Gnoll Transmuter on Jan 9, 2023.
             Was a Follower of Nemelex Xobeh.
             Slain by a yak (12 damage)
             ... on level 8 of the Dungeon.
             The game lasted 00:18:36 (7676 turns).

themarg the Martial Artist (Gnoll Transmuter)       Turns: 7676, Time: 00:18:36

Health: 0/91       AC:  7    Str:  6 (9)  XL:     10   Next: 34%
Magic:  27/30      EV: 12    Int: 15 (16) God:    Nemelex Xobeh [*.....]
Gold:   585        SH:  5    Dex: 13 (14) Spells: 13/23 levels left

rFire   x . .      SeeInvis .      - Unarmed
rCold   + + +      Faith    .    (shield currently unavailable)
rNeg    . . .      Spirit   .    (body armour currently unavailable)
rPois   +          Reflect  +    (helmet currently unavailable)
rElec   .          Harm     .    (cloak currently unavailable)
rCorr   .          Rampage  .    (gloves currently unavailable)
Will    .....                    (boots currently unavailable)
Stlth   +++                      x - amulet of reflection
HPRegen 0.35/turn                y - ring of magical power
MPRegen 0.22/turn                I - ring of wizardry

@: ice-form
A: freezing attack, amphibious, boosted hp, large, (fangs 1), strong nose,
distributed training
a: End Transformation, Renounce Religion, Draw Escape, Draw Destruction, Draw
Summoning


You were on level 8 of the Dungeon.
You worshipped Nemelex Xobeh.
Nemelex Xobeh was aware of your devotion.
You were a creature of crystalline ice.
You visited 2 branches of the dungeon, and saw 9 of its levels.

You collected 585 gold pieces.

Inventory:

Missiles
 d - 102 stones
 k - a throwing net
 s - 4 poisoned darts
 B - a boomerang of dispersal
 D - 3 silver javelins
 E - 3 silver boomerangs
 F - a curare-tipped dart
 H - 5 javelins
Armour
 g - a +1 pair of boots (melded)
 w - a +2 pair of gloves (melded)
 J - a +0 buckler (melded)
 K - a +1 robe of willpower (melded)
Jewellery
 c - a ring of flight
 p - an amulet of magic regeneration
 x - an amulet of reflection (around neck)
 y - a ring of magical power (left front paw)
 I - a ring of wizardry (right front paw)
Scrolls
 e - 3 scrolls of fog
 h - a scroll of summoning {unknown}
 i - a scroll of magic mapping {unknown}
 j - a scroll of brand weapon {unknown}
 n - a scroll of enchant weapon {unknown}
 r - 4 scrolls of teleportation
 t - 4 scrolls of noise {unknown}
 A - a scroll of amnesia {unknown}
 G - a scroll of enchant armour {unknown}
Potions
 f - 4 potions of curing
 l - 3 potions of flight
 m - 2 potions of attraction
 o - a potion of berserk rage {unknown}
 q - 3 potions of haste
 u - a potion of degeneration
 v - a potion of mutation {unknown}
 z - 2 potions of magic {unknown}
 C - 2 potions of might {unknown}


   Skills:
 + Level 6.0 Fighting
 + Level 5.4 Short Blades
 + Level 5.4 Long Blades
 + Level 5.4 Axes
 + Level 5.4 Maces & Flails
 + Level 5.4 Polearms
 + Level 5.4 Staves
 + Level 5.4 Ranged Weapons
 + Level 5.4 Throwing
 + Level 5.4 Armour
 + Level 7.1 Dodging
 + Level 5.4 Stealth
 + Level 5.4 Shields
 + Level 8.6 Unarmed Combat
 + Level 7.4 Spellcasting
 + Level 4.4 Conjurations
 + Level 4.4 Hexes
 + Level 4.4 Summonings
 + Level 4.4 Necromancy
 + Level 4.4 Translocations
 + Level 5.9 Transmutations
 + Level 4.4 Fire Magic
 + Level 4.4 Ice Magic
 + Level 4.4 Air Magic
 + Level 4.4 Earth Magic
 + Level 4.4 Poison Magic
 + Level 5.9 Invocations
 + Level 5.4 Evocations


You had 13 spell levels left.
You knew the following spells:

 Your Spells              Type           Power      Damage    Failure   Level
a - Beastly Appendage     Tmut           46%        N/A       1%          1
b - Wereblood             Tmut           23%        N/A       1%          2
c - Spider Form           Tmut/Pois      21%        N/A       1%          3
d - Ice Form              Ice/Tmut       21%        N/A       6%          4

Your spell library contained the following spells:

 Spells                   Type           Power      Damage    Failure   Level
 Summon Small Mammal      Summ           72%        N/A       1%          1
 Blink                    Tloc           36%        N/A       1%          2
 Momentum Strike          Conj/Tloc      36%        3d9       1%          2
 Call Canine Familiar     Summ           18%        N/A       2%          3
 Lesser Beckoning         Tloc           36%        N/A       2%          3
 Summon Guardian Golem    Hex/Summ       18%        N/A       2%          3


Dungeon Overview and Level Annotations

Branches:
Dungeon (8/15)             Temple (1/1) D:6
   Lair: D:8-11

Altars:
Ashenzari
Cheibriados
Dithmenos
Elyvilon
Gozag
Hepliaklqana
Kikubaaqudgha
Nemelex Xobeh
Okawaru
Qazlal
Ru
Sif Muna
Trog
Uskayaw
Vehumet
Xom
Yredelemnul
Zin
The Shining One

Shops:
D:6 (


Innate Abilities, Weirdness & Mutations

You are a creature of crystalline ice.
You have a powerful freezing melee attack.
You are amphibious.
Your maximum health is increased.
Your armour is entirely melded.
You are incapable of wielding weapons or throwing items.
((You have very sharp teeth.))
Your uncanny sense of smell can sniff out nearby items.
Your experience applies equally to all skills.


Message History

The orc shouts!
The yak barely misses you. You block the yak's attack.
There is a stone staircase leading up here.
You turn into a creature of crystalline ice.
Your +2 pair of gloves melds into your body.
Your +1 pair of boots melds into your body.
Your +0 buckler melds into your body.
Your +1 robe of willpower melds into your body.
You feel less strong-willed. The yak gores you but does no damage.
The yak gores you!
You hit the yak. You freeze the yak.
The yak is lightly wounded.
The yak gores you! You block the orc's attack. You block the yak's attack.
The yak gores you.
You hit the yak. You freeze the yak.
The yak is moderately wounded.
The yak gores you! The yak gores you. You block the yak's attack.
You punch the orc! You freeze the orc.
You kill the orc!
The yak barely misses you. x2; You block the yak's attack.
You hit the orc but do no damage. You punch the orc! You freeze the orc.
You kill the orc!
The yak barely misses you. The yak gores you! The yak barely misses you.
You hit the yak but do no damage.
The yak is moderately wounded.
The yak closely misses you. You block the yak's attack.
The yak barely misses you.
You punch the yak! You freeze the yak.
The yak is heavily wounded.
The yak gores you. The yak gores you!
* * * LOW HITPOINT WARNING * * *
The yak gores you!
* * * LOW HITPOINT WARNING * * *
It was a potion of degeneration.
There was something very wrong with that liquid.
You feel weakened.
You feel dopey.
You feel clumsy. The yak gores you!
You die...
Your body disappears without a glow.

... ##..........
.... #...........
.....###..........
.../............#
......$.........###
..................#
...............#.
..........YY...#
..........YY..##
........#.))...#
.......##..##....#
....... ##.. #....#
...... #... #..##
..#. ...# ### #.##
##


You could see 3 yaks.

Vanquished Creatures
  The ghost of avis the Grappler, a novice OgTm of Cheibriados (D:5)
  Pikel (D:6)
  Grinder (D:3)
  Sigmund (D:4)
  3 yaks (D:7)
  A water moccasin (D:6)
  Duvessa (D:7)
  2 orc warriors (D:7)
  A black bear (D:4)
  2 ice beasts
  2 ogres
  A centaur (D:5)
  A phantom (D:7)
  A kobold brigand (D:7)
  A bullfrog (D:7)
  A gnoll sergeant (D:6)
  3 necrophages
  2 scorpions
  4 wights (D:7)
  Dowan (D:7)
  4 killer bees (D:7)
  2 howler monkeys
  4 jellies
  A hound (D:7)
  Jessica (D:3)
  2 iguanas
  3 orc wizards
  Natasha (thrice) (D:2)
  10 gnolls
  4 adders
  2 white imps
  An ufetubus (D:5)
  A worm (D:2)
  4 dart slugs
  13 orcs
  7 ball pythons
  6 bats
  8 endoplasms
  2 giant cockroaches
  5 goblins
  5 hobgoblins
  9 jackals
  12 kobolds
  3 quokkas
  6 frilled lizards
  7 rats
156 creatures vanquished.

Notes
Turn   | Place    | Note
-------+----------+-------------------------------------------
     0 | D:1      | themarg the Gnoll Transmuter began the quest for the Orb.
     0 | D:1      | Reached XP level 1. HP: 17/17 MP: 6/6
    36 | D:1      | Reached XP level 2. HP: 21/23 MP: 7/7
    39 | D:1      | Learned a level 2 spell: Wereblood
   302 | D:1      | Found a faded altar of an unknown god.
   439 | D:1      | Reached skill level 5 in Spellcasting
   439 | D:1      | Reached XP level 3. HP: 28/28 MP: 6/9
   445 | D:1      | Learned a level 3 spell: Spider Form
   504 | D:1      | Reached skill level 1 in Invocations
   741 | D:2      | Reached skill level 1 in Short Blades
   741 | D:2      | Reached skill level 1 in Long Blades
   741 | D:2      | Reached skill level 1 in Axes
   741 | D:2      | Reached skill level 1 in Maces & Flails
   741 | D:2      | Reached skill level 1 in Polearms
   741 | D:2      | Reached skill level 1 in Staves
   741 | D:2      | Reached skill level 1 in Ranged Weapons
   741 | D:2      | Reached skill level 1 in Throwing
   741 | D:2      | Reached skill level 1 in Armour
   741 | D:2      | Reached skill level 1 in Stealth
   741 | D:2      | Reached skill level 1 in Shields
   741 | D:2      | Reached skill level 1 in Evocations
   749 | D:2      | Reached XP level 4. HP: 34/34 MP: 6/11
   759 | D:2      | Reached skill level 1 in Conjurations
   759 | D:2      | Reached skill level 1 in Hexes
   759 | D:2      | Reached skill level 1 in Summonings
   759 | D:2      | Reached skill level 1 in Necromancy
   759 | D:2      | Reached skill level 1 in Translocations
   759 | D:2      | Reached skill level 1 in Fire Magic
   759 | D:2      | Reached skill level 1 in Ice Magic
   759 | D:2      | Reached skill level 1 in Air Magic
   759 | D:2      | Reached skill level 1 in Earth Magic
   759 | D:2      | Reached skill level 1 in Poison Magic
   893 | D:2      | Noticed Natasha
   900 | D:2      | Killed Natasha
  1384 | D:2      | Noticed Natasha
  1388 | D:2      | Killed Natasha
  1389 | D:2      | Reached XP level 5. HP: 32/41 MP: 8/12
  1486 | D:2      | Noticed Natasha
  1496 | D:2      | Killed Natasha
  2248 | D:3      | Noticed Grinder
  2255 | D:3      | Paralysed by Grinder for 2 turns
  2260 | D:3      | Killed Grinder
  2261 | D:3      | Reached skill level 5 in Dodging
  2261 | D:3      | Reached XP level 6. HP: 47/47 MP: 12/14
  2429 | D:3      | Noticed Jessica
  2433 | D:3      | Killed Jessica
  2434 | D:3      | Reached skill level 7 in Unarmed Combat
  2434 | D:3      | Reached XP level 7. HP: 35/52 MP: 11/15
  3481 | D:4      | Noticed Sigmund
  3487 | D:4      | Killed Sigmund
  3661 | D:5      | Entered Level 5 of the Dungeon
  4047 | D:5      | Reached XP level 8. HP: 60/60 MP: 16/16
  4539 | D:5      | Noticed avis's ghost (novice OgTm)
  4540 | D:5      | Found a runed translucent gate.
  4541 | D:5      | Found a runed translucent gate.
  4542 | D:5      | Found a runed translucent gate.
  4991 | D:5      | Learned a level 4 spell: Ice Form
  5005 | D:5      | Killed avis's ghost
  5006 | D:5      | Reached skill level 5 in Transmutations
  5006 | D:5      | Reached XP level 9. HP: 60/67 MP: 18/18
  5335 | D:6      | Reached skill level 5 in Fighting
  5421 | D:6      | Found Jeagrim's Antique Weapon Shop.
  5458 | D:6      | Found a broken altar of Ashenzari.
  5464 | D:6      | Found a hazy altar of Hepliaklqana.
  5491 | D:6      | Noticed Pikel
  5521 | D:6      | Killed Pikel
  5522 | D:6      | Reached skill level 8 in Unarmed Combat
  5663 | D:6      | Found a staircase to the Ecumenical Temple.
  5667 | D:6      | Reached skill level 5 in Invocations
  5672 | Temple   | Entered the Ecumenical Temple
  5801 | Temple   | Became a worshipper of Nemelex Xobeh the Trickster
  6359 | D:7      | Noticed Dowan
  6362 | D:7      | Noticed Duvessa
  6390 | D:7      | Killed Duvessa
  6393 | D:7      | Killed Dowan
  6475 | D:7      | Reached skill level 5 in Short Blades
  6475 | D:7      | Reached skill level 5 in Long Blades
  6475 | D:7      | Reached skill level 5 in Axes
  6475 | D:7      | Reached skill level 5 in Maces & Flails
  6475 | D:7      | Reached skill level 5 in Polearms
  6475 | D:7      | Reached skill level 5 in Staves
  6475 | D:7      | Reached skill level 5 in Ranged Weapons
  6475 | D:7      | Reached skill level 5 in Throwing
  6475 | D:7      | Reached skill level 5 in Armour
  6475 | D:7      | Reached skill level 5 in Stealth
  6475 | D:7      | Reached skill level 5 in Shields
  6475 | D:7      | Reached skill level 5 in Evocations
  6475 | D:7      | Reached XP level 10. HP: 70/76 MP: 20/20
  6912 | D:7      | Reached * piety under Nemelex Xobeh
  7456 | D:7      | HP: 5/114 [yak (8)]
  7676 | D:8      | Slain by a yak

Illustrated notes

Levels and vault maps discovered:
D:1:      lemuel_arrival_broad_hall, layout_loops_ring,
          hellmonk_ecumenical_altar_run_dry, chequers_serial_rivers_marsh,
          minmay_lizard_pond
D:2:      layout_loops_corners, serial_rivers, chequers_serial_rivers_micro_d,
          chequers_serial_rivers_large_b, chequers_serial_rivers_small_a,
          chequers_serial_rivers_room_b, chequers_serial_rivers_small_b,
          chequers_serial_rivers_micro_d, grunt_ministairs_14, uniq_natasha
D:3:      kennysheep_big_flooded_room, layout_loops_corners, bh_walls_and_bars,
          uniq_jessica, uniq_grinder
D:4:      layout_rooms, uniq_sigmund
D:5:      layout_loops_corners, ebering_ghost_rock_garden
D:6:      layout_gridville, grunt_temple_overflow_open,
          minmay_temple_entry_arrows, serial_shops, kennysheep_little_box,
          uniq_pikel
D:7:      layout_cave_pools, st_stairs_8, uniq_duvessa
D:8:      layout_cave_pools, mainiacjoe_overflow_paths, enter_bailey_2,
          hangedman_ranch
Temple:   compressed_dpeg_triangle_lava_temple

Skill      XL: |  1  2  3  4  5  6  7  8  9 10 |
---------------+-------------------------------+-----
Spellcasting   | 5 6 7 |  7.4
Invocations    | 1 2 3 4 5 |  5.9
Short Blades   | 1 2 3 4 5 |  5.4
Long Blades    | 1 2 3 4 5 |  5.4
Axes           | 1 2 3 4 5 |  5.4
Maces & Flails | 1 2 3 4 5 |  5.4
Polearms       | 1 2 3 4 5 |  5.4
Staves         | 1 2 3 4 5 |  5.4
Ranged Weapons | 1 2 3 4 5 |  5.4
Throwing       | 1 2 3 4 5 |  5.4
Armour         | 1 2 3 4 5 |  5.4
Stealth        | 1 2 3 4 5 |  5.4
Shields        | 1 2 3 4 5 |  5.4
Evocations     | 1 2 3 4 5 |  5.4
Conjurations   | 1 2 3 4 |  4.4
Hexes          | 1 2 3 4 |  4.4
Summonings     | 1 2 3 4 |  4.4
Necromancy     | 1 2 3 4 |  4.4
Translocations | 1 2 3 4 |  4.4
Fire Magic     | 1 2 3 4 |  4.4
Ice Magic      | 1 2 3 4 |  4.4
Air Magic      | 1 2 3 4 |  4.4
Earth Magic    | 1 2 3 4 |  4.4
Poison Magic   | 1 2 3 4 |  4.4
Fighting       | 3 4 5 6 |  6.0
Transmutations | 4 5 |  5.9
Dodging        | 5 6 7 |  7.1
Unarmed Combat | 7 8 |  8.6

Action                   |  1- 3 |  4- 6 |  7- 9 | 10-12 || total
-------------------------+-------+-------+-------+-------++-------
Melee: Unarmed           |    64 |    86 |   213 |    85 ||   448
       Kick              |    12 |     8 |     1 |       ||    21
       Bite              |     2 |     5 |       |       ||     7
       Headbutt          |     6 |    11 |     1 |       ||    18
       Punch             |     1 |       |       |       ||     1
 Cast: Beastly Appendage |    15 |    17 |     4 |       ||    36
       Spider Form       |     1 |     9 |    21 |       ||    31
       Wereblood         |     1 |     1 |     2 |     1 ||     5
       Ice Form          |       |       |    11 |     6 ||    17
  Use: Potion            |       |     1 |       |     3 ||     4
       Scroll            |       |       |     3 |     4 ||     7
 Stab: Sleeping          |       |       |     5 |     1 ||     6
Armor: Robe              |     2 |    14 |     2 |       ||    18
       Skin              |       |     3 |    13 |    16 ||    32
Dodge: Dodged            |    32 |    51 |   120 |    62 ||   265
Block: Other             |       |       |    33 |    19 ||    52
       Reflection        |       |       |     3 |     1 ||     4
       Buckler           |       |       |       |     3 ||     3

Table legend: (Time is in decaauts)
 A = Elapsed time spent in this place.
 B = Non-inter-level travel time spent in this place.
 C = Inter-level travel time spent in this place.
 D = Time resting spent in this place.
 E = Time spent auto-exploring this place.
 F = Levels seen in this place.
 G = Mean time per level.
                   A        B        C        D        E       F      G
               +--------+--------+--------+--------+--------+-----+--------+
         Total |   7666 |   7245 |    421 |    412 |   5677 |   9 |  851.8 |
       Dungeon |   7524 |   7115 |    409 |    412 |   5585 |   8 |  940.5 |
        Temple |    142 |    130 |     12 |      0 |     92 |   1 |  142.0 |
               +--------+--------+--------+--------+--------+-----+--------+

Top non-repeatable levels by time:
     D:5: 1529 daAuts
     D:2: 1280 daAuts
     D:7: 1172 daAuts
     D:3: 1126 daAuts
     D:6: 1056 daAuts
     D:1: 697 daAuts
     D:4: 632 daAuts
  Temple: 142 daAuts
     D:8: 28 daAuts
